 Dungeon Crawl Stone Soup version 0.31.0-32-g396128a36d (webtiles) character file.

Game seed: 1706544071001012452

1651 Alphaeus the Ruffian (level 8, -6/78 HPs)
             Began as a Troll Shapeshifter on Mar 20, 2024.
             Succumbed to a killer bee's poison
             ... on level 6 of the Dungeon.
             The game lasted 00:06:29 (5497 turns).

Alphaeus the Ruffian (Troll Shapeshifter)           Turns: 5497, Time: 00:06:30

Health: -6/78      AC:  7    Str: 23    XL:     8   Next: 68%
Magic:  7/7        EV:  9    Int:  8    God:
Gold:   332        SH:  0    Dex:  9    Spells: 7/7 levels left

rFire   . .          .
                       - Unarmed
rCold   . . .        (no shield)
rNeg    . . .        u - +0 steam dragon scales
rPois   .            (helmet currently unavailable)
rElec   .            (cloak currently unavailable)
rCorr   .            (gloves unavailable)
SInv    .            (boots unavailable)
Will    .....        (no amulet)
Stlth   +            (no ring)
HPRegen 1.13/turn    (no ring)
MPRegen 0.10/turn

%: no passive effects
@: lethally poisoned (-6 -> -37), beast-form
A: beast (slay +4), large, unfitting armour, claws 3, regeneration 1, shaggy fur
1, tough skin 1
a: Begin Untransformation


You were on level 6 of the Dungeon.
You were a hulking beast.
You visited 1 branch of the dungeon, and saw 7 of its levels.

You collected 332 gold pieces.

Inventory:

Missiles
 i - 2 throwing nets (quivered)
Armour
 a - a +0 animal skin
 p - a +0 cloak
 u - +0 steam dragon scales (worn)
Jewellery
 j - a ring of see invisible
 k - a +6 ring of intelligence
Talismans
 c - a beast talisman
 d - a flux talisman
 o - a blade talisman
Wands
 t - a wand of iceblast (13)
Scrolls
 e - 3 scrolls of teleportation {unknown}
 g - 7 scrolls of identify {unknown}
 h - a scroll of fear {unknown}
 l - 2 scrolls of amnesia {unknown}
 m - a scroll of revelation {unknown}
 q - 2 scrolls of enchant weapon {unknown}
 r - a scroll of blinking {unknown}
 s - a scroll of immolation {unknown}
Potions
 b - 4 potions of curing {unknown}
 f - a potion of heal wounds
 n - a potion of mutation {unknown}
 v - a potion of lignification
 w - a potion of cancellation {unknown}


   Skills:
 + Level 4.0 Fighting
 - Level 1.5 Dodging
 * Level 7.6 Unarmed Combat
 * Level 7.1 Shapeshifting


You had 7 spell levels left.
You didn't know any spells.
Your spell library was empty.

Dungeon Overview and Level Annotations

Branches:
Dungeon (7/15)
 Temple: D:4-7

Altars:
Nemelex Xobeh
Trog

Shops:
D:2 ((   D:4 ?   D:6 [

Annotations:
D:7 Maurice


Innate Abilities, Weirdness & Mutations

You are a hulking beast.
Your limbs bulge with bestial killing power. (Slay +4)
You are too large for most types of armour.
You have claws for hands.
Your natural rate of healing is unusually fast.
You are covered in fur. (AC +1)
You have tough skin. (AC +1)


Message History

The killer bee poisons you! The killer bee stings you. x2
You are more poisoned.
The killer bee poisons you! The killer bee stings you.
You miss the killer bee.
The killer bee is lightly wounded.
You feel very sick. The killer bee stings you.
You are more poisoned.
The killer bee poisons you! The killer bee barely misses you.
The killer bee stings you. x2
You are more poisoned.
The killer bee poisons you! The killer bee stings you.
You are more poisoned.
The killer bee poisons you!
The killer bee stings you but does no damage.
You are too injured to fight recklessly!
You are too injured to fight recklessly!
You are too injured to fight recklessly!
You are too injured to fight recklessly!
You are too injured to fight recklessly!
You are too injured to fight recklessly!
You are too injured to fight recklessly!
You are too injured to fight recklessly!
You are too injured to fight recklessly!
You are too injured to fight recklessly!
You are too injured to fight recklessly!
You are too injured to fight recklessly!
You are too injured to fight recklessly!
You are too injured to fight recklessly!
* * * LOW HITPOINT WARNING * * *
You feel extremely sick.
The killer bee attacks as it pursues you!
The killer bee stings you.
* * * LOW HITPOINT WARNING * * *
You are more poisoned.
The killer bee poisons you! The killer bee barely misses you.
The killer bee stings you!
* * * LOW HITPOINT WARNING * * *
The killer bee barely misses you.
You die...

.........#######.#.#'######......
.........#####.......)...........
.................................
########..>....................<.
#.......................).
#...............(.........
#........[...........#####
#.........yy.....(...#
#........h.y.........#
#######.############## #.# #.#
#.# #.# #.# #.##################
#...................


You could see 3 killer bees.

Vanquished Creatures
  Maggie (D:6)
  An ice beast (D:5)
  An ogre (D:5)
  A centaur (D:6)
  3 phantoms
  A kobold brigand (D:6)
  2 scorpions
  A howler monkey (D:6)
  A hound (D:5)
  A gnoll bouda (D:4)
  2 orc priests (D:5)
  Crazy Yiuf (D:2)
  Jessica (D:2)
  4 iguanas
  3 orc wizards
  A sleepcap (D:5)
  Terence (D:2)
  Robin (D:3)
  7 gnolls
  5 adders
  2 shadow imps
  2 ufetubi (D:6)
  A ribbon worm (D:3)
  8 dart slugs (D:4)
  19 orcs
  5 endoplasms
  3 giant cockroaches
  15 goblins
  8 hobgoblins
  7 kobolds
  2 quokkas
  4 ball pythons
  3 bats (D:1)
  A frilled lizard (D:1)
  6 rats
125 creatures vanquished.

Notes
Turn   | Place    | Note
-------+----------+-------------------------------------------
     0 | D:1      | Alphaeus the Troll Shapeshifter began the quest for the
                  | Orb.
     0 | D:1      | Reached XP level 1. HP: 18/18 MP: 0/0
   230 | D:1      | Reached skill level 1 in Fighting
   303 | D:1      | Reached XP level 2. HP: 23/27 MP: 1/1
   464 | D:1      | Found a faded altar of an unknown god.
   596 | D:2      | Found Pulasycs's Weapon Emporium.
   605 | D:2      | Noticed Jessica
   609 | D:2      | Killed Jessica
   610 | D:2      | Reached XP level 3. HP: 33/33 MP: 2/2
   711 | D:2      | Found Wuptellu's Antique Weapon Boutique.
   863 | D:2      | Identified the +3 war axe "Ahutaghire" {flame, Int+7
                  | Stlth+}
   884 | D:2      | Noticed Terence
   891 | D:2      | Killed Terence
  1268 | D:2      | Reached XP level 4. HP: 41/41 MP: 3/3
  1992 | D:2      | Found a runed translucent door.
  1993 | D:2      | Noticed Crazy Yiuf
  1999 | D:2      | Killed Crazy Yiuf
  2321 | D:3      | Noticed Robin
  2343 | D:3      | Killed Robin
  2410 | D:3      | Reached XP level 5. HP: 49/49 MP: 4/4
  2783 | D:4      | Found Joack's Magic Scroll Shoppe.
  2877 | D:4      | Reached XP level 6. HP: 57/57 MP: 5/5
  3242 | D:4      | Reached skill level 5 in Unarmed Combat
  3364 | D:4      | Reached skill level 5 in Shapeshifting
  4066 | D:5      | Entered Level 5 of the Dungeon
  4169 | D:5      | Found a sparkling altar of Nemelex Xobeh.
  4216 | D:5      | Reached XP level 7. HP: 66/66 MP: 6/6
  4660 | D:6      | Found Kyru Cosorot's Armour Boutique.
  4688 | D:6      | Reached XP level 8. HP: 74/75 MP: 7/7
  4787 | D:6      | Noticed Maggie
  4805 | D:6      | Killed Maggie
  4938 | D:6      | Found a bloodstained altar of Trog.
  5483 | D:7      | Noticed Maurice
  5496 | D:6      | HP: 3/78 [killer bee (8)]
  5497 | D:6      | Succumbed to a killer bee's poison

Illustrated notes

Levels and vault maps discovered:
D:1:      dpeg_arrival_stonehenge_12_columns, layout_basic,
          dreamdust_ecumenical_altar_statues
D:2:      layout_basic, serial_co_window_serial, co_window_paths_b,
          co_window_paths_b, co_window_paths_a, co_window_corner_a,
          co_window_corner_a, co_window_broadway_c, co_window_paths_c,
          co_window_of_opportunity_b, co_window_paths_d, co_window_sun,
          glass_columns_a, serial_shops, nicolae_shop_statue_plus,
          nicolae_shop_competitors_out_of_business, uniq_crazy_yiuf_cottage,
          uniq_terence, uniq_jessica
D:3:      layout_rooms, uniq_robin
D:4:      kennysheep_slugbush, layout_layer_cave, serial_shops, shop
D:5:      layout_basic, nemelex_spade_bored_becter
D:6:      layout_basic, mainiacjoe_overflow_surrounded_room, serial_shops,
          nicolae_shop_waterfront, uniq_maggie
D:7:      layout_cave_pools, general_overflow_altar, grunt_gozag_statues,
          mainiacjoe_overflow_large_starburst, nzn_hepliaklqana_mist_gate,
          minmay_temple_entry_gardened_gates, uniq_maurice

Skill      XL: |  1  2  3  4  5  6  7  8 |
---------------+-------------------------+-----
Fighting       | 1 2 3 4 |  4.0
Unarmed Combat | 4 5 6 7 |  7.6
Shapeshifting  | 4 5 6 7 |  7.1
Dodging        | |  1.5

Action                     |  1- 3 |  4- 6 |  7- 9 || total
---------------------------+-------+-------+-------++-------
  Melee: Unarmed           |    37 |   165 |   102 ||   304
         Punch             |       |     2 |     1 ||     3
    Use: Potion            |       |     3 |       ||     3
   Stab: Sleeping          |     1 |       |       ||     1
 Armour: Animal skin       |    20 |   136 |    37 ||   193
         Skin              |       |    43 |       ||    43
         Steam dragon scal |       |       |    51 ||    51
  Dodge: Dodged            |    21 |    77 |    42 ||   140
